 Dungeon Crawl Stone Soup version 0.27-a0-860-gaf99fae3ca (webtiles) character file.

Game seed: 7094751609889856451

777 jasper the Carver (level 7, -5/52 HPs)
             Began as a Demonspawn Delver on Apr 1, 2021.
             Was a Believer of Nemelex Xobeh.
             Engulfed by a steam dragon's steam (13 damage)
             ... on level 6 of the Dungeon.
             The game lasted 00:06:22 (5367 turns).

jasper the Carver (Demonspawn Delver)               Turns: 5367, Time: 00:06:23

Health: -5/52      AC: 18    Str: 13    XL:     7   Next: 54%
Magic:  7/7        EV: 11    Int: 11    God:    Nemelex Xobeh [**....]
Gold:   245        SH:  0    Dex: 16    Spells: 6/6 levels left

rFire    . . .     SeeInvis .   y - +1 falchion (protect)
rCold    . . .     Faith    .   (no shield)
rNeg     . . .     Spirit   .   o - +4 ring mail
rPois    .         Reflect  .   (no helmet)
rElec    .         Harm     .   (no cloak)
rCorr    .         Rampage  .   (no gloves)
Will     .....                  (no boots)
Stlth    ++........             (no amulet)
HPRegen  0.17/turn              (no ring)
MPRegen  0.10/turn              (no ring)

@: protection aura
A: talons 2, slimy green scales 1, demonic magic 1
a: Renounce Religion, Draw Escape, Draw Destruction, Draw Summoning


You were on level 6 of the Dungeon.
You worshipped Nemelex Xobeh.
Nemelex Xobeh was pleased with you.
You visited 1 branch of the dungeon, and saw 6 of its levels.

You collected 245 gold pieces.

Inventory:

Hand Weapons
 a - a +0 falchion
 h - a +0 hand crossbow
 x - a +0 long sword
 y - a +1 falchion of protection (weapon)
Missiles
 l - 29 stones
 r - 29 bolts
 v - 5 curare-tipped darts (quivered)
Armour
 b - a +0 leather armour
 i - a +0 ring mail
 o - a +4 ring mail (worn)
 w - a +0 tower shield
Wands
 g - a wand of digging (3)
Scrolls
 c - 2 scrolls of fog
 d - 2 scrolls of magic mapping
 e - a scroll of fear
 k - 4 scrolls of teleportation {unknown}
 m - 2 scrolls of enchant armour {unknown}
 n - a scroll of identify {unknown}
 t - 2 scrolls of enchant weapon {unknown}
Potions
 f - 2 potions of haste
 j - a potion of ambrosia {unknown}
 p - a potion of invisibility {unknown}
 s - a potion of magic {unknown}
 u - a potion of attraction {unknown}


   Skills:
 - Level 3.0 Fighting
 + Level 8.0 Long Blades
 - Level 1.7 Dodging
 - Level 4.5 Stealth


You had 6 spell levels left.
You didn't know any spells.
Your spell library contained the following spells:

 Spells                   Type           Power      Damage    Failure   Level
 Animate Skeleton         Necr           0%         N/A       61%         1
 Apportation              Tloc           0%         N/A       61%         1
 Corona                   Hex            0%         N/A       61%         1
 Summon Small Mammal      Summ           0%         N/A       61%         1
 Confusing Touch          Hex            0%         N/A       93%         3
 Gell's Gravitas          Tloc           0%         N/A       93%         3
 Petrify                  Tmut/Erth      0%         N/A       100%        4
 Metabolic Englaciation   Hex/Ice        0%         N/A       100%        5
 Yara's Violent Unravell  Hex/Tmut       0%         3d3       100%        5


Dungeon Overview and Level Annotations

Branches:
Dungeon (6/15)
 Temple: D:4-7

Altars:
Nemelex Xobeh

Annotations:
D:5 exclusion: scorpion


Innate Abilities, Weirdness & Mutations

You have razor-sharp toenails.
You are partially covered in slimy green scales. (AC +2)
Spells you cast may paralyse adjacent enemies.


Message History

You begin rapidly regenerating health and magic.
You are engulfed in a cloud of scalding steam.
The steam dragon bites you! The steam dragon closely misses you.
You take 5 damage, and have 18/52 hp.
You hit the steam dragon but do no damage.
The steam dragon is moderately wounded.
You are engulfed in a cloud of scalding steam.
* * * LOW HITPOINT WARNING * * *
The steam dragon bites you. The steam dragon completely misses you.
You take 2 damage, and have 16/52 hp.
You hit the steam dragon but do no damage.
You claw the steam dragon.
The steam dragon is moderately wounded.
You are engulfed in a cloud of scalding steam.
The steam dragon breathes steam at you. The ball of steam hits you!
* * * LOW HITPOINT WARNING * * *
You take 4 damage, and have 12/52 hp.
You feel better.
You are engulfed in a cloud of scalding steam.
The steam dragon bites you. The steam dragon claws you.
You regained 5 hp, and now have 17/52 hp.
As you read the scroll of fear, it crumbles to dust.
You assume a fearsome visage.
The ogre looks frightened!
The steam dragon looks frightened!
The bullfrog skeleton is unaffected.
You are engulfed in a cloud of scalding steam.
* * * LOW HITPOINT WARNING * * *
You take 9 damage, and have 8/52 hp.
Throw: 6 darts (curare)
Press: ? - help, Q - select action, (/) - cycle Shift-Dir - straight line, f - steam dragon
Aim: a steam dragon (moderately wounded, fleeing, catching its breath, 60% to hit)
You throw a curare-tipped dart.
The curare-tipped dart hits the steam dragon.
The steam dragon is poisoned.
The steam dragon convulses.
The steam dragon seems to slow down.
Your attack snaps the steam dragon out of its fear.
The steam dragon is severely wounded.
You are engulfed in a cloud of scalding steam.
You die...
Your body glows slightly and disappears.

#. ##'#.#.# ###
#.# #.#.#.#
....#..##.#.#+##.
.................
..........#......
..#####.###......
#..# ..... ####
..... #@# ####
#D# . #O## # ..
#Z.# ..# ≈.. ##.#
#.... ≈≈..
######.#.....$
≈≈≈..#........#
≈≈≈≈.O....D...#
≈≈≈≈;.........#


You could see a steam dragon (fleeing, very poisoned, slow, catching breath), an
ogre (fleeing) and a bullfrog skeleton.

Vanquished Creatures
  Sigmund (D:6)
  A sky beast (D:5)
  An ogre (D:5)
  A phantom (D:5)
  A scorpion (D:5)
  A wyvern zombie (D:5)
  A wight (D:5)
  A hound (D:6)
  An orc wizard (D:3)
  5 adders
  A howler monkey skeleton (D:4)
  An ufetubus (D:4)
  A worm (D:3)
  3 dart slugs
  3 orcs (D:6)
  2 endoplasms (D:2)
  3 goblins
  A hobgoblin (D:3)
  6 jackals
  A quokka (D:2)
  4 ball pythons
  2 bats
  2 frilled lizards (D:1)
  5 kobolds
  2 rats (D:2)
51 creatures vanquished.

Vanquished Creatures (collateral kills)
  A killer bee (D:3)
  An orc priest (D:3)
  2 orcs (D:3)
4 creatures vanquished.

Grand Total: 55 creatures vanquished

Notes
Turn   | Place    | Note
-------+----------+-------------------------------------------
     0 | D:5      | jasper the Demonspawn Delver began the quest for the Orb.
     0 | D:5      | Reached XP level 1. HP: 18/18 MP: 1/1
    96 | D:5      | Noticed a scorpion
   131 | D:5      | Reached skill level 2 in Long Blades
   869 | D:1      | Gained mutation: You have sharp toenails. [demonic
                  | ancestry]
   869 | D:1      | Reached XP level 2. HP: 24/24 MP: 2/2
   991 | D:1      | Found a faded altar of an unknown god.
  1257 | D:1      | Reached skill level 3 in Long Blades
  1425 | D:1      | Became a worshipper of Nemelex Xobeh the Trickster
  1425 | D:1      | Reached * piety under Nemelex Xobeh
  1921 | D:2      | Received a gift from Nemelex Xobeh
  1966 | D:2      | Gained mutation: Spells you cast may paralyse adjacent
                  | enemies. [demonic ancestry]
  1966 | D:2      | Reached XP level 3. HP: 29/29 MP: 3/3
  2378 | D:3      | Reached ** piety under Nemelex Xobeh
  2427 | D:3      | Gained mutation: You have razor-sharp toenails. [demonic
                  | ancestry]
  2427 | D:3      | Reached XP level 4. HP: 35/35 MP: 4/4
  2438 | D:3      | Reached skill level 4 in Long Blades
  3338 | D:3      | Gained mutation: You are partially covered in slimy green
                  | scales. (AC +2) [demonic ancestry]
  3338 | D:3      | Reached XP level 5. HP: 16/41 MP: 5/5
  3887 | D:5      | Reached skill level 5 in Long Blades
  4129 | D:5      | Noticed a sky beast
  4173 | D:5      | Killed a sky beast
  4174 | D:5      | Reached skill level 6 in Long Blades
  4174 | D:5      | Reached XP level 6. HP: 11/47 MP: 6/6
  4826 | D:5      | Reached skill level 7 in Long Blades
  4826 | D:5      | Reached XP level 7. HP: 42/52 MP: 7/7
  5168 | D:6      | Noticed Sigmund
  5188 | D:6      | Killed Sigmund
  5332 | D:6      | Noticed a steam dragon
  5357 | D:6      | Reached skill level 8 in Long Blades
  5367 | D:6      | Engulfed by a steam dragon's steam

Illustrated notes

Levels and vault maps discovered:
D:1:      dpeg_arrival_snail, layout_basic, basic_ecumenical_altar
D:2:      layout_loops_ring, minivault_19
D:3:      layout_basic, kennysheep_boxes
D:4:      layout_loops_cross, kennysheep_little_box, general_overflow_altar,
          minmay_temple_entry_statues_pillars, st_stairs_6, uniq_natasha
D:5:      layout_gridville, st_stairs_9
D:6:      layout_basic, nrook_loot_triangle, grunt_ministairs_2,
          amcnicky_mini_pool_medium, uniq_sigmund

Skill      XL: |  1  2  3  4  5  6  7 |
---------------+----------------------+-----
Long Blades    | 2 3 4 6 7 8 |  8.0
Fighting       | |  3.0
Dodging        | |  1.7
Stealth        | |  4.5

Action                   |  1- 3 |  4- 6 |  7- 9 || total
-------------------------+-------+-------+-------++-------
Melee: Falchion          |    45 |    78 |    38 ||   161
       Kick              |     9 |    22 |    10 ||    41
 Fire: Hand crossbow     |    11 |       |       ||    11
Throw: Stone             |    39 |    27 |       ||    66
       Dart              |       |     6 |     8 ||    14
Invok: Draw Destruction  |     3 |     1 |       ||     4
       Draw Summoning    |       |     2 |       ||     2
       Draw Escape       |       |       |     2 ||     2
  Use: Potion            |       |     3 |     1 ||     4
       Scroll            |       |       |     1 ||     1
 Stab: Sleeping          |     2 |       |       ||     2
Armor: Leather armour    |     5 |       |       ||     5
       Ring mail         |    12 |    37 |    22 ||    71
Dodge: Dodged            |    30 |    44 |    14 ||    88
       Rpst.: Falchion   |    11 |    11 |     4 ||    26

Table legend: (Time is in decaauts)
 A = Elapsed time spent in this place.
 B = Non-inter-level travel time spent in this place.
 C = Inter-level travel time spent in this place.
 D = Time resting spent in this place.
 E = Time spent auto-exploring this place.
 F = Levels seen in this place.
 G = Mean time per level.
                   A        B        C        D        E       F      G
               +--------+--------+--------+--------+--------+-----+--------+
         Total |   5376 |   5046 |    330 |   1361 |   2930 |   6 |  896.0 |
       Dungeon |   5376 |   5046 |    330 |   1361 |   2930 |   6 |  896.0 |
               +--------+--------+--------+--------+--------+-----+--------+

Top non-repeatable levels by time:
     D:3: 1511 daAuts
     D:5: 1483 daAuts
     D:2: 1025 daAuts
     D:1: 945 daAuts
     D:6: 243 daAuts
     D:4: 166 daAuts
